 Dungeon Crawl Stone Soup version 0.27-a0-562-g0d39f094a4 (webtiles) character file.

Game seed: 6210654235119925457

102 Veldoneri the Slasher (level 4, -2/38 HPs)
             Began as a Minotaur Gladiator on Mar 8, 2021.
             Slain by a goblin
             ... wielding a +0 club
             ... led by Robin
              (5 damage)
             ... on level 3 of the Dungeon.
             The game lasted 00:04:03 (2252 turns).

Veldoneri the Slasher (Minotaur Gladiator)          Turns: 2252, Time: 00:04:04

Health: -2/38      AC:  3    Str: 24    XL:     4   Next: 50%
Magic:  3/3        EV: 13    Int:  5    God:
Gold:   77         SH:  0    Dex: 13    Spells: 3/3 levels left

rFire    . . .     SeeInvis .   a - +0 long sword
rCold    . . .     Faith    .   (no shield)
rNeg     . . .     Spirit   .   b - +0 leather armour
rPois    .         Reflect  .   c - +0 hat
rElec    .         Harm     .   (no cloak)
rCorr    .         Rampage  .   (no gloves)
Will     .....                  (no boots)
Stlth    +.........             (no amulet)
HPRegen  0.12/turn              j - +6 ring of strength
MPRegen  0.08/turn              (no ring)

@: no status effects
A: horns 2, retaliatory headbutt
a: no special abilities


You were on level 3 of the Dungeon.
You visited 1 branch of the dungeon, and saw 3 of its levels.

You collected 77 gold pieces.

Inventory:

Hand Weapons
 a - a +0 long sword (weapon)
 i - a +3 dagger
 p - a +0 club
Missiles
 d - 3 throwing nets (quivered)
Armour
 b - a +0 leather armour (worn)
 c - a +0 hat (worn)
Jewellery
 j - a +6 ring of strength (left hand)
 o - a ring of wizardry
Scrolls
 e - a scroll of identify {unknown}
 g - a scroll of teleportation {unknown}
 m - a scroll of random uselessness {unknown}
Potions
 f - a potion of brilliance {unknown}
 h - a potion of lignification {unknown}
 k - a potion of might {unknown}
 l - a potion of haste {unknown}
 n - 2 potions of curing {unknown}


   Skills:
 + Level 3.5 Fighting
 + Level 4.4 Long Blades
 - Level 2.0 Throwing
 + Level 4.1 Dodging
 + Level 2.0 Unarmed Combat


You had 3 spell levels left.
You didn't know any spells.
Your spell library was empty.

Dungeon Overview and Level Annotations

Branches:
Dungeon (3/15)

Altars:
Hepliaklqana

Annotations:
D:3 Robin


Innate Abilities, Weirdness & Mutations

You have a pair of horns on your head.
You reflexively headbutt those who attack you in melee.


Message History

The goblin completely misses you. x2; You riposte.
You hit the goblin.
The goblin is heavily wounded.
You miss something. Something hits you.
A goblin comes into view. It is wielding a +0 club.
The goblin hits you. The goblin hits you but does no damage.
You hit something. Robin misses you. Something hits you but does no damage.
The goblin closely misses you. You furiously retaliate!
You headbutt the goblin, but do no damage.
You riposte.
You closely miss the goblin. Your headbutt misses the goblin.
The goblin is heavily wounded.
A goblin comes into view. It is wielding a +0 club.
You slash the goblin!
You kill the goblin!
Robin barely misses you. Something hits you but does no damage.
The goblin barely misses you. You furiously retaliate!
You headbutt the goblin.
You kill the goblin!
Something hits you. Robin closely misses you.
You miss something.
The goblin no longer looks unusually strong.
The goblin closely misses you.
You riposte.
You hit the goblin.
The goblin is heavily wounded.
Something hits you.
Robin hits you from afar with a +0 spear.
You slash the goblin!
You kill the goblin!
Robin roars a battlecry!
The goblin goes into a battle-frenzy!
Something hits you.
You slash the goblin!
You kill the goblin!
Robin hits you but does no damage. Something hits you but does no damage.
You closely miss the goblin. Your headbutt misses the goblin.
Robin throws the goblin at you!
* * * LOW HITPOINT WARNING * * *
You hear some strange, mumbled words.
A magic dart appears from out of thin air!
The magic dart hits you.
* * * LOW HITPOINT WARNING * * *
The goblin hits you with a +0 club.
You die...

.....................†......
...###>...........#.........
...# #####...####...........
...# #..................
..## #...###..##...##... .##
#...##..####.## .. .#
#...##.## +# . .# ## #)## .#
#g@# ## ##{g# ...g# .###..#
.. .... .. ..... .## .#..#
#) .##.#


You could see Robin and 2 goblins.

Vanquished Creatures
  2 adders (D:2)
  An ooze (D:2)
  2 worms (D:2)
  2 dart slugs
  3 leopard geckos
  4 orcs (D:3)
  A ball python (D:2)
  14 goblins
  7 hobgoblins
  2 quokkas (D:2)
  7 bats
  5 frilled lizards
  5 kobolds
  4 rats
59 creatures vanquished.

Notes
Turn   | Place    | Note
-------+----------+-------------------------------------------
     0 | D:1      | Veldoneri the Minotaur Gladiator began the quest for the
                  | Orb.
     0 | D:1      | Reached XP level 1. HP: 18/18 MP: 0/0
   150 | D:1      | Reached XP level 2. HP: 23/25 MP: 1/1
   305 | D:1      | You fall into a shaft and drop 1 floor!
   405 | D:1      | Reached skill level 1 in Unarmed Combat
   889 | D:2      | Reached XP level 3. HP: 27/31 MP: 2/2
  1684 | D:2      | Found a hazy altar of Hepliaklqana.
  2145 | D:3      | Reached XP level 4. HP: 38/38 MP: 3/3
  2234 | D:3      | Noticed Robin
  2252 | D:3      | Slain by a goblin

Illustrated notes

Levels and vault maps discovered:
D:1:      minmay_arrival_solitary_statue, layout_rooms, minmay_misc_feat_tower
D:2:      layout_loops_ring, lemuel_round_altar, minmay_liquid_box
D:3:      layout_loops_cross, nemelex_lonely_heart_becter, uniq_robin

Skill      XL: |  1  2  3  4 |
---------------+-------------+-----
Long Blades    | 4 |  4.4
Unarmed Combat | 1 2 |  2.0
Fighting       | 3 |  3.5
Dodging        | 4 |  4.1
Throwing       | |  2.0

Action                   |  1- 3 |  4- 6 || total
-------------------------+-------+-------++-------
Melee: Long sword        |    65 |    31 ||    96
       Headbutt          |    13 |     4 ||    17
       Punch             |     1 |       ||     1
 Stab: Distracted        |       |     1 ||     1
Armor: Leather armour    |    14 |    14 ||    28
Dodge: Dodged            |    48 |    30 ||    78
       Rpst.: Long sword |    13 |     8 ||    21

Table legend: (Time is in decaauts)
 A = Elapsed time spent in this place.
 B = Non-inter-level travel time spent in this place.
 C = Inter-level travel time spent in this place.
 D = Time resting spent in this place.
 E = Time spent auto-exploring this place.
 F = Levels seen in this place.
 G = Mean time per level.
                   A        B        C        D        E       F      G
               +--------+--------+--------+--------+--------+-----+--------+
         Total |   2271 |   2053 |    218 |    454 |   1341 |   3 |  757.0 |
       Dungeon |   2271 |   2053 |    218 |    454 |   1341 |   3 |  757.0 |
               +--------+--------+--------+--------+--------+-----+--------+

Top non-repeatable levels by time:
     D:2: 1393 daAuts
     D:1: 764 daAuts
     D:3: 113 daAuts
